 Dungeon Crawl Stone Soup version 0.31.0-11-ge490571c62 (webtiles) character file.

Game seed: 7161469227981102388

5775 CougarLife the Cleaver (level 10, -22/88 HPs)
             Began as a Minotaur Berserker on Jan 31, 2024.
             Was an Elder of Trog.
             Annihilated by an orc warrior
             ... wielding a +0 glaive
              (29 damage)
             ... in a bailey.
             The game lasted 00:12:55 (7203 turns).

CougarLife the Cleaver (Minotaur Berserker)         Turns: 7203, Time: 00:12:55

Health: -22/88     AC:  9    Str: 23    XL:     10   Next: 50%
Magic:  9/9        EV: 18    Int:  6    God:    Trog [****..]
Gold:   341        SH:  0    Dex: 11    Spells: 9/9 levels left

rFire   . . .        q - +0 war axe
rCold   . . .        (no shield)
rNeg    . . .        i - +0 scale mail
rPois   .            (helmet restricted)
rElec   .            (no cloak)
rCorr   .            v - +0 pair of gloves
SInv    .            (no boots)
Will    +++..        (no amulet) Stlth
                     j - ring of willpower
HPRegen 1.34/turn    m - +5 ring of evasion
MPRegen 0.11/turn

%: no passive effects
@: strong-willed, on berserk cooldown, regenerating, slowed, very slow
A: horns 2, retaliatory headbutt
a: Renounce Religion, Berserk, Trog's Hand, Brothers in Arms


You were in a bailey.
You worshipped Trog.
Trog was greatly pleased with you.
You visited 1 branch of the dungeon, and saw 8 of its levels.
You also visited: Bailey.

You collected 341 gold pieces.

Inventory:

Hand Weapons
 q - a +0 war axe (weapon)
Missiles
 a - 18 poisoned darts
 n - 15 boomerangs (quivered)
 x - 4 curare-tipped darts
Armour
 i - a +0 scale mail (worn)
 v - a +0 pair of gloves (worn)
Jewellery
 j - a ring of willpower (left hand)
 m - a +5 ring of evasion (right hand)
 B - a ring of fire
Wands
 e - a wand of digging (9)
 t - a wand of flame (28)
 u - a wand of polymorph (10)
 A - a wand of roots (9)
Scrolls
 c - 3 scrolls of poison
 g - 2 scrolls of blinking
 h - 3 scrolls of fog
 k - a scroll of silence
 z - a scroll of immolation {unknown}
Potions
 b - 2 potions of berserk rage {unknown}
 d - 2 potions of heal wounds {unknown}
 f - 2 potions of attraction {unknown}
 l - 3 potions of cancellation {unknown}
 o - a potion of degeneration {unknown}
 p - a potion of curing {unknown}
 r - 2 potions of enlightenment {unknown}
 s - a potion of magic {unknown}
 w - a potion of might {unknown}


   Skills:
 - Level 8.3 Fighting
 * Level 11.8 Axes
 + Level 2.2 Throwing
 - Level 9.1 Armour
 - Level 9.0 Dodging


You had 9 spell levels left.
You didn't know any spells.
Your spell library was empty.

Dungeon Overview and Level Annotations

Branches:
Dungeon (8/15)             Temple (0/1) D:7          Bailey (1/1)
   Lair: D:8-11

Altars:
Ashenzari
Nemelex Xobeh
Trog
Uskayaw
Xom
Zin

Shops:
D:7 (


Innate Abilities, Weirdness & Mutations

You have a pair of horns on your head.
You reflexively headbutt those who attack you in melee.


Message History

The orc knight hits you with a +0 glaive!
The orc hits you but does no damage.
The orc warrior hits you from afar with a +0 trident.
You barely miss the orc knight. Your headbutt misses the orc knight.
You slash the orc! You barely miss the orc knight.
You headbutt the orc knight, but do no damage.
You closely miss the orc.
The orc knight hits you with a +0 glaive!
The orc hits you but does no damage. The orc warrior barely misses you.
The orc warrior misses you.
You completely miss the orc knight. Your headbutt misses the orc knight.
You slash the orc!
You kill the orc!
Trog accepts your kill.
You slash the orc knight!
The orc knight is moderately wounded.
The orc knight hits you with a +0 glaive!!
* * * LOW HITPOINT WARNING * * *
The orc warrior hits you from afar with a +0 glaive!
* * * LOW HITPOINT WARNING * * *
The orc warrior completely misses you.
You hit the orc knight.
The orc knight is moderately wounded.
The orc knight hits you but does no damage.
The orc warrior barely misses you. The orc warrior completely misses you.
You miss the orc knight. You headbutt the orc knight!
The orc knight is moderately wounded.
You are no longer berserk.
You are exhausted.
You feel yourself slow down.
The orc knight roars a battlecry!
The orc warrior goes into a battle-frenzy!
The orc warrior attacks as it pursues you!
The orc warrior completely misses you. The orc warrior closely misses you.
You barely miss the orc warrior. You slash the orc knight!
The orc knight hits you with a +0 glaive!
* * * LOW HITPOINT WARNING * * *
The orc warrior hits you from afar with a +0 glaive!!
You die...

#..........#
##..........##
###......).....#
♣♣............♣.#
♣..♣.♣.......♣♣.##
#≈≈.......)........
#≈≈≈....#.)..#......♣♣
#≈≈≈≈≈≈≈#o...#≈≈≈≈...♣
#≈≈≈≈≈≈≈#o@..#≈≈≈≈≈≈.♣
#≈≈≈≈≈≈≈#....#≈≈≈≈≈≈≈♣♣#
#♣♣≈≈≈≈≈#.o..#≈≈≈≈≈≈≈≈≈#
♣♣♣...#.)..#...≈≈≈≈≈≈#
...♣............≈≈≈≈#
.................≈≈≈#
####........####..≈≈#
####''#### #♣♣♣♣# .....


You could see an orc knight and 2 orc warriors.

Vanquished Creatures
  2 two-headed ogres (D:7)
  A hornet (D:8)
  Sigmund (D:4)
  A spriggan (D:7)
  Eustachio (D:4)
  3 water moccasins
  Pargi (D:4)
  3 ice beasts
  3 orc warriors
  A black bear (D:2)
  An ogre (D:5)
  A centaur (D:8)
  4 phantoms
  A kobold brigand (D:6)
  4 scorpions
  2 bullfrogs
  16 wights
  6 killer bees
  2 howler monkeys (D:6)
  3 bombardier beetles
  5 orc priests
  4 hounds
  A jelly (D:6)
  2 iguanas (D:4)
  7 orc wizards
  Ijyb (D:4)
  7 gnolls
  2 adders
  2 shadow imps
  A white imp (D:7)
  2 ufetubi (D:5)
  A dart slug (D:1)
  3 ribbon worms
  24 orcs
  5 endoplasms
  3 giant cockroaches (D:4)
  7 goblins
  7 hobgoblins
  12 jackals
  3 quokkas
  4 ball pythons
  6 bats
  A frilled lizard (D:1)
  6 kobolds
  6 rats
179 creatures vanquished.

Notes
Turn   | Place    | Note
-------+----------+-------------------------------------------
     0 | D:1      | CougarLife the Minotaur Berserker began the quest for the
                  | Orb.
     0 | D:1      | Reached XP level 1. HP: 19/19 MP: 0/0
   205 | D:1      | Reached skill level 4 in Axes
   270 | D:1      | Reached XP level 2. HP: 19/27 MP: 1/1
   735 | D:2      | Noticed a black bear
   745 | D:2      | Killed a black bear
   746 | D:2      | Reached skill level 5 in Axes
   746 | D:2      | Reached XP level 3. HP: 35/35 MP: 2/2
   746 | D:2      | Reached XP level 4. HP: 41/41 MP: 3/3
  1014 | D:2      | Reached skill level 6 in Axes
  1014 | D:2      | Reached XP level 5. HP: 25/47 MP: 4/4
  1016 | D:2      | Reached skill level 5 in Fighting
  1236 | D:2      | Reached ** piety under Trog
  1736 | D:3      | Reached skill level 7 in Axes
  1807 | D:3      | Reached XP level 6. HP: 55/56 MP: 5/5
  2615 | D:4      | Reached *** piety under Trog
  2616 | D:4      | Reached skill level 8 in Axes
  2711 | D:4      | Noticed Sigmund
  2719 | D:4      | Noticed Pargi
  2727 | D:4      | Killed Sigmund
  2728 | D:4      | Reached XP level 7. HP: 64/64 MP: 6/6
  2736 | D:4      | Killed Pargi
  2737 | D:4      | Reached skill level 9 in Axes
  3330 | D:4      | Reached XP level 8. HP: 69/73 MP: 7/7
  3524 | D:4      | Noticed Ijyb
  3536 | D:4      | Killed Ijyb
  3537 | D:4      | Reached skill level 10 in Axes
  3570 | D:4      | Found a shimmering altar of Xom.
  3606 | D:4      | Noticed Eustachio
  3620 | D:4      | Killed Eustachio
  3775 | D:5      | Entered Level 5 of the Dungeon
  3886 | D:5      | Found a bloodstained altar of Trog.
  3900 | D:5      | Reached skill level 11 in Axes
  5085 | D:6      | Found a glowing silver altar of Zin.
  5251 | D:6      | Reached skill level 5 in Armour
  5254 | D:7      | Reached XP level 9. HP: 67/81 MP: 8/8
  5453 | D:6      | Reached **** piety under Trog
  5454 | D:6      | Reached skill level 5 in Dodging
  5706 | D:7      | Found Baepa's Antique Weapon Shoppe.
  6039 | D:7      | Found a broken altar of Ashenzari.
  6265 | D:7      | Noticed a two-headed ogre
  6265 | D:7      | Noticed a two-headed ogre
  6273 | D:7      | Found a hide-covered altar of Uskayaw.
  6285 | D:7      | Killed a two-headed ogre
  6286 | D:7      | Reached XP level 10. HP: 88/88 MP: 9/9
  6287 | D:7      | Killed a two-headed ogre
  6435 | D:7      | Found the +8 pair of quick blades "Gyre" and "Gimble"
                  | {protect}
  6561 | D:7      | Found a staircase to the Ecumenical Temple.
  6645 | D:7      | Found a sparkling altar of Nemelex Xobeh.
  6838 | D:8      | Reached skill level 1 in Throwing
  7014 | D:8      | Found a flagged portal.
  7028 | Bailey   | Entered a bailey
  7188 | Bailey   | Noticed an orc knight
  7203 | Bailey   | Annihilated by an orc warrior

Illustrated notes

Levels and vault maps discovered:
D:1:      mushboom_english_gardens, layout_basic
D:2:      layout_loops_ring
D:3:      layout_basic
D:4:      layout_cave_pods, xom_teletrap_fun, uniq_eustachio, uniq_sigmund,
          uniq_pargi, uniq_ijyb
D:5:      layout_cave_pods, general_overflow_altar, minivault_26
D:6:      layout_loops_ring, kennysheep_mini_moat
D:7:      layout_cave_pools, nemelex_spade_bored_becter,
          mainiacjoe_overflow_catch_the_wave, minmay_temple_entry_nine_rooms,
          serial_shops, nicolae_shop_window_shopping,
          hellmonk_guarded_unrand_gyre_and_gimble
D:8:      layout_basic, fedhas_altar_4, mainiacjoe_overflow_alcove_1,
          nicolae_ru_path_of_blood, nzn_hepliaklqana_mist_gate, enter_bailey_3,
          grunt_ministairs_9, uniq_gastronok
Bailey:   bailey_polearm_elven_captive_hellmonk, bailey

Skill      XL: |  1  2  3  4  5  6  7  8  9 10 |
---------------+-------------------------------+-----
Axes           | 4 5 6 7 8 9 11 | 11.8
Fighting       | 4 5 6 7 8 |  8.3
Armour         | 5 9 |  9.1
Dodging        | 3 7 9 |  9.0
Throwing       | 2 |  2.2

Action                     |  1- 3 |  4- 6 |  7- 9 | 10-12 || total
---------------------------+-------+-------+-------+-------++-------
  Melee: Hand axe          |    38 |    93 |       |       ||   131
         Headbutt          |     4 |    22 |    31 |    17 ||    74
         War axe           |       |    49 |   200 |    68 ||   317
         Punch             |       |     1 |     2 |       ||     3
  Throw: Boomerang         |       |       |     1 |       ||     1
 Invoke: Berserk           |     1 |     3 |     4 |     1 ||     9
         Trog's Hand       |       |     2 |     1 |     1 ||     4
    Use: Scroll            |       |       |       |     6 ||     6
   Stab: Sleeping          |     1 |       |       |       ||     1
 Armour: Animal skin       |    24 |       |       |       ||    24
         Scale mail        |     5 |    65 |   144 |    42 ||   256
  Dodge: Dodged            |    28 |    73 |   201 |    69 ||   371
